 Dungeon Crawl Stone Soup version 0.31-a0-232-gb1c03b2570 (webtiles) character file.

Game seed: 14722877662740447191

3945 qw the Skirmisher (level 10, 0/83 (86) HPs)
             Began as a Minotaur Hexslinger on July 7, 2023.
             Was a Priest of Okawaru.
             Slain by Maurice
             ... wielding a +2 short sword of draining
              (5 damage)
             ... on level 9 of the Dungeon.
             The game lasted 00:02:53 (6236 turns).

qw the Skirmisher (Minotaur Hexslinger)             Turns: 6236, Time: 00:02:53

HP:   0/83 (86)     AC: 10    Str: 20    XL:     10   Next: 1%
MP:   10/12         EV: 17    Int: 10    God:    Okawaru [***...]
Gold: 80            SH:  0    Dex: 16    Spells: 10/11 levels left

rFire   . . .        Y - +0 orcbow
rCold   + . .        (shield currently unavailable)
rNeg    . . .        h - +0 leather armour {rPois}
rPois   +            (helmet restricted)
rElec   .            n - +0 cloak
rCorr   .            i - +2 pair of gloves of Agoraphobia {Regen+}
SInv    .            e - +0 pair of boots
Will    .....        c - amulet of regeneration
Stlth   +            j - +6 ring of strength
HPRegen 1.93/turn    k - ring of protection from cold
MPRegen 0.13/turn

%: no passive effects
@: confused, heroic, lightly drained
A: horns 2, retaliatory headbutt
a: Renounce Religion, Heroism


You were on level 9 of the Dungeon.
You worshipped Okawaru.
Okawaru was most pleased with you.
You visited 1 branch of the dungeon, and saw 9 of its levels.

You collected 524 gold pieces.
You spent 444 gold pieces at shops.


Innate Abilities, Weirdness & Mutations

You have a pair of horns on your head.
You reflexively headbutt those who attack you in melee.


   Skills:
 + Level 7.4(12.4) Fighting
 - Level 12.1(17.1) Ranged Weapons
 - Level 4.3(9.3) Armour
 - Level 5.0(10.0) Dodging
 - Level 1.0 Spellcasting
 - Level 2.0 Hexes
 - Level 4.1 Invocations


You had 10 spell levels left.
You knew the following spells:

 Your Spells              Type           Power      Damage    Failure   Level
a - Slow                  Hex            16%        N/A       17%         1

Your spell library contained the following spells:

 Spells                   Type           Power      Damage    Failure   Level
 Inner Flame              Hex/Fire       2%         N/A       61%         3
 Portal Projectile        Hex/Tloc       4%         N/A       61%         3
 Cause Fear               Hex            2%         N/A       86%         4

Inventory:

Hand Weapons
 Y - a +0 orcbow (weapon)
Armour
 b - a +0 ring mail
 e - a +0 pair of boots (worn)
 h - a +0 leather armour of poison resistance (worn)
 i - the +2 pair of gloves of Agoraphobia (worn) {Regen+}
   (You acquired it on level 7 of the Dungeon)

   Regen:     It increases your rate of health regeneration.
 n - a +0 cloak (worn)
Jewellery
 c - an amulet of regeneration (around neck)
 j - a +6 ring of strength (left hand)
 k - a ring of protection from cold (right hand)
Scrolls
 d - a scroll of teleportation
 f - 3 scrolls of identify
Potions
 a - a potion of heal wounds
 g - a potion of mutation
 l - a potion of enlightenment

Dungeon Overview and Level Annotations

Branches:
Dungeon (9/15)             Temple (0/1) D:6
   Lair: D:8-11         Orc: D:9-12

Altars:
Dithmenos
Elyvilon
Fedhas
Gozag
Okawaru
Uskayaw
Wu Jian
Yredelemnul

Shops:
D:8 *

Annotations:
D:9 Maurice


Message History

The yak gores you.
Your life force feels restored.
You have reached level 10!
You shoot an arrow. The arrow hits the centaur.
The centaur is heavily wounded.
The centaur barely misses you. You furiously retaliate!
You headbutt the centaur!
The centaur kicks you but does no damage.
The yak gores you. The yak misses you. You furiously retaliate!
You headbutt the yak! The yak completely misses you. You furiously retaliate!
You headbutt the yak.
You hear a zap.
Your will is overpowered!
You are confused.
The centaur closely misses you.
The centaur kicks you but does no damage.
The yak completely misses you. The yak closely misses you. The yak misses you.
The centaur barely misses you.
The centaur kicks you but does no damage.
Something hits you but does no damage.
You feel drained. The centaur completely misses you. The centaur misses you.
The yak closely misses you. The yak misses you. The yak gores you!
Something closely misses you.
6234 ||| DRINKING 2 potions of heal wounds.
You feel much better.
The centaur barely misses you. x2; The yak barely misses you.
The yak gores you but does no damage. The yak gores you.
The centaur hits you but does no damage.
The centaur barely misses you.
You hear a zap.
Something tries to affect you, but you resist.
The centaur barely misses you. The centaur misses you. The yak gores you!
The yak closely misses you. x2; Something hits you!
Something steals 3 of your 4 scrolls of teleportation!
You feel drained.
The centaur hits you but does no damage.
The centaur misses you. The yak gores you but does no damage.
The yak gores you! The yak gores you. The centaur hits you.
The centaur kicks you but does no damage.
Something hits you.
You die...

.............## ##
................# #.
................### #.
..................# ..
..................... ..
........................
........................
......YYc...............
......Y@{...............
####..##########..... ..
#. ..## ## # .#


You could see 3 yaks and a centaur.

Vanquished Creatures
  A hornet (D:8)
  A wyvern (D:8)
  3 yaks (D:9)
  A water moccasin (D:5)
  3 black bears
  Duvessa (D:5)
  An ice beast (D:6)
  An orc warrior (D:7)
  A sky beast (D:6)
  An ogre (D:6)
  5 centaurs
  A gnoll sergeant (D:8)
  4 bullfrogs
  3 scorpions
  2 wights (D:6)
  Dowan (D:5)
  4 killer bees
  5 hounds
  A gnoll bouda (D:6)
  3 jellies
  4 orc priests
  3 sleepcaps
  6 iguanas
  9 orc wizards
  6 gnolls
  5 adders
  A shadow imp (D:8)
  3 white imps
  4 ufetubi
  4 dart slugs
  19 orcs
  8 bats
  7 endoplasms
  5 giant cockroaches
  7 goblins
  10 hobgoblins
  2 quokkas
  A ball python (D:1)
  3 frilled lizards
  6 kobolds
  6 rats
162 creatures vanquished.

Notes
Turn   | Place    | Note
-------+----------+-------------------------------------------
     0 | D:1      | qw the Minotaur Hexslinger began the quest for the Orb.
     0 | D:1      | Reached XP level 1. HP: 16/16 MP: 1/1
     0 | D:1      | 0 ||| qw: Version: 0.3-a-46-gb1f654a
     0 | D:1      | 0 ||| qw: Game counter: 2353
     0 | D:1      | 0 ||| qw: Melee chars always use a shield: true
     0 | D:1      | 0 ||| qw: God list: Okawaru
     0 | D:1      | 0 ||| qw: Allow faded altars: false
     0 | D:1      | 0 ||| qw: Do Orc after clearing Dungeon:15 true
     0 | D:1      | 0 ||| qw: Do second Lair branch before Depths: true
     0 | D:1      | 0 ||| qw: Lair rune preference: random
     0 | D:1      | 0 ||| qw: Goals: Normal
     0 | D:1      | 0 ||| PLANNING D:1-11
    38 | D:1      | Reached skill level 3 in Ranged Weapons
    41 | D:1      | Reached XP level 2. HP: 20/23 MP: 2/2
   309 | D:1      | Reached XP level 3. HP: 27/29 MP: 3/3
   468 | D:1      | 468 ||| READING scroll labelled JILYIP HEOXZE.
   469 | D:1      | 469 ||| READING scroll labelled YKIM BUYFE.
   470 | D:1      | 470 ||| READING scroll labelled PEXOLI MAD FODOZ.
   471 | D:1      | 471 ||| DRINKING 2 pink potions.
   472 | D:1      | 472 ||| DRINKING 2 metallic golden potions.
   473 | D:1      | 473 ||| DROPPING scroll of poison.
   474 | D:1      | 474 ||| DROPPING potion of magic.
   475 | D:1      | 475 ||| DROPPING potion of invisibility.
   643 | D:2      | Reached skill level 4 in Ranged Weapons
   661 | D:2      | Found an ornate altar of the Wu Jian Council.
  1165 | D:2      | 1165 ||| UPGRADING to +0 leather armour.
  1175 | D:2      | 1175 ||| DROPPING +0 robe.
  1176 | D:2      | 1176 ||| READING scroll labelled COOFFA ANUEH.
  1277 | D:2      | 1277 ||| READING 2 scrolls labelled BAMMUISMAH.
  1281 | D:2      | 1281 ||| READING scroll labelled FUGASCHUNLO.
  1282 | D:2      | 1282 ||| READING scroll labelled NAXAGR ZAHYIVE.
  1327 | D:3      | Reached XP level 4. HP: 34/36 MP: 4/4
  1369 | D:3      | 1369 ||| Stepping ~*~*~tactically~*~*~ (outnumbered).
  1372 | D:3      | 1372 ||| Stepping ~*~*~tactically~*~*~ (outnumbered).
  1540 | D:3      | Found an iron altar of Okawaru.
  1541 | D:3      | 1541 ||| PLANNING OKAWARU WORSHIP
  1541 | D:3      | 1541 ||| UPGRADING to +0 ring mail.
  1551 | D:3      | 1551 ||| UPGRADING to +0 pair of boots.
  1556 | D:3      | 1556 ||| DROPPING +0 leather armour.
  1557 | D:3      | 1557 ||| UPGRADING to amulet of regeneration.
  1562 | D:3      | 1562 ||| READING 2 scrolls of identify.
  1562 | D:3      | 1562 ||| IDENTIFYING grey potion
  1570 | D:3      | Became a worshipper of Warmaster Okawaru
  1571 | D:3      | 1571 ||| PLANNING D:1-11
  1622 | D:3      | Reached skill level 1 in Armour
  1633 | D:3      | Reached skill level 5 in Ranged Weapons
  1693 | D:3      | 1693 ||| READING scroll labelled RAT GEGUBBO.
  1710 | D:4      | Reached XP level 5. HP: 44/44 MP: 5/5
  1727 | D:4      | Reached skill level 3 in Fighting
  1802 | D:4      | 1802 ||| READING scroll of enchant weapon.
  1802 | D:4      | 1802 ||| ENCHANTING +1 heavy sling.
  1944 | D:4      | Found an opulent altar of Gozag.
  2112 | D:4      | 2112 ||| DROPPING amulet of guardian spirit.
  2113 | D:4      | 2113 ||| UPGRADING to +6 ring of strength.
  2114 | D:4      | 2114 ||| READING scroll labelled GUL TUFYBOJUHAF.
  2134 | D:4      | 2134 ||| READING 3 scrolls of identify.
  2134 | D:4      | 2134 ||| IDENTIFYING cyan potion
  2135 | D:4      | 2135 ||| READING 2 scrolls of identify.
  2135 | D:4      | 2135 ||| IDENTIFYING red potion
  2136 | D:4      | 2136 ||| DROPPING potion of degeneration.
  2137 | D:4      | 2137 ||| DROPPING potion of brilliance.
  2159 | D:5      | Entered Level 5 of the Dungeon
  2166 | D:5      | Reached * piety under Okawaru
  2176 | D:5      | Reached skill level 6 in Ranged Weapons
  2176 | D:5      | Reached skill level 1 in Invocations
  2176 | D:5      | Reached XP level 6. HP: 44/51 MP: 6/6
  2203 | D:5      | Noticed Dowan
  2204 | D:5      | 2204 ||| INVOKING Heroism.
  2206 | D:5      | Noticed Duvessa
  2214 | D:5      | 2214 ||| INVOKING Heroism.
  2214 | D:5      | Killed Duvessa
  2217 | D:5      | Killed Dowan
  2327 | D:5      | 2327 ||| INVOKING Heroism.
  2329 | D:5      | Reached skill level 3 in Invocations
  2329 | D:5      | Reached XP level 7. HP: 40/59 MP: 4/8
  2376 | D:5      | 2376 ||| SWAPPING to +0 orcbow.
  2377 | D:5      | 2377 ||| DROPPING +2 heavy sling.
  2460 | D:5      | 2460 ||| INVOKING Heroism.
  2469 | D:5      | Reached skill level 7 in Ranged Weapons
  2561 | D:5      | 2561 ||| INVOKING Heroism.
  2650 | D:5      | 2650 ||| Stepping ~*~*~tactically~*~*~ (outnumbered).
  2655 | D:5      | Reached ** piety under Okawaru
  3062 | D:5      | 3062 ||| UPGRADING to +0 leather armour of poison
                  | resistance.
  3072 | D:5      | 3072 ||| UPGRADING to +0 cloak.
  3077 | D:5      | 3077 ||| READING 3 scrolls labelled COEZUGE NOZXO.
  3078 | D:5      | 3078 ||| READING scroll labelled AMASCH JUMUXEKH.
  3079 | D:5      | 3079 ||| DRINKING 2 green potions.
  3080 | D:5      | 3080 ||| READING 3 scrolls of identify.
  3080 | D:5      | 3080 ||| IDENTIFYING silvery potion
  3081 | D:5      | 3081 ||| DROPPING potion of attraction.
  3082 | D:5      | 3082 ||| DROPPING 2 scrolls of amnesia.
  3148 | D:6      | Reached skill level 8 in Ranged Weapons
  3188 | D:6      | 3188 ||| INVOKING Heroism.
  3194 | D:6      | Reached XP level 8. HP: 50/67 MP: 7/10
  3294 | D:6      | Found a staircase to the Ecumenical Temple.
  3297 | D:6      | 3297 ||| READING 2 scrolls of identify.
  3297 | D:6      | 3297 ||| IDENTIFYING fizzy white potion
  3417 | D:6      | 3417 ||| INVOKING Heroism.
  3425 | D:6      | Reached skill level 3 in Dodging
  3437 | D:6      | Reached skill level 9 in Ranged Weapons
  3457 | D:6      | Reached skill level 6 in Fighting
  3460 | D:6      | 3460 ||| FLEEEEING.
  3463 | D:6      | 3463 ||| FLEEEEING.
  3464 | D:6      | 3464 ||| FLEEEEING.
  3517 | D:6      | 3517 ||| INVOKING Heroism.
  3600 | D:6      | Found a shadowy altar of Dithmenos.
  3635 | D:6      | 3635 ||| INVOKING Heroism.
  3648 | D:6      | Reached *** piety under Okawaru
  3649 | D:6      | Reached skill level 10 in Ranged Weapons
  3843 | D:6      | 3843 ||| INVOKING Heroism.
  4287 | D:6      | 4287 ||| READING 2 scrolls of identify.
  4287 | D:6      | 4287 ||| IDENTIFYING sapphire potion
  4288 | D:6      | 4288 ||| DROPPING potion of berserk rage.
  4477 | D:7      | 4477 ||| INVOKING Heroism.
  4478 | D:7      | 4478 ||| Stepping ~*~*~tactically~*~*~ (outnumbered).
  4500 | D:7      | 4500 ||| Stepping ~*~*~tactically~*~*~ (outnumbered).
  4504 | D:7      | 4504 ||| INVOKING Heroism.
  4506 | D:7      | Reached XP level 9. HP: 54/78 MP: 8/11
  4547 | D:7      | 4547 ||| INVOKING Heroism.
  4548 | D:7      | 4548 ||| Stepping ~*~*~tactically~*~*~ (outnumbered).
  4601 | D:7      | Found a hide-covered altar of Uskayaw.
  4602 | D:7      | Found a basalt altar of Yredelemnul.
  4603 | D:7      | Found a white marble altar of Elyvilon.
  4611 | D:7      | Found a blossoming altar of Fedhas.
  4692 | D:7      | 4692 ||| READING scroll labelled MEBUPT SUAHORY.
  4692 | D:7      | Identified a scroll of acquirement
  4692 | D:7      | 4692 ||| ACQUIRING +2 pair of gloves of Agoraphobia
                  | {Regen+}
  4692 | D:7      | Acquired the +2 pair of gloves of Agoraphobia {Regen+}
  4694 | D:7      | 4694 ||| UPGRADING to +2 pair of gloves of Agoraphobia
                  | {Regen+}.
  4699 | D:7      | 4699 ||| READING scroll labelled AXOODWAQE.
  4903 | D:7      | 4903 ||| FLEEEEING.
  4904 | D:7      | 4904 ||| FLEEEEING.
  4905 | D:7      | 4905 ||| FLEEEEING.
  4919 | D:7      | 4919 ||| INVOKING Heroism.
  5161 | D:7      | 5161 ||| INVOKING Heroism.
  5400 | D:8      | Reached skill level 11 in Ranged Weapons
  5583 | D:8      | 5583 ||| INVOKING Heroism.
  5635 | D:8      | Found Notasewe's Assorted Antiques.
  5640 | D:8      | 5640 ||| BUYING agate ring (160 gold).
  5640 | D:8      | Bought an agate ring for 160 gold pieces
  5640 | D:8      | 5640 ||| BUYING lumpy black potion (28 gold).
  5640 | D:8      | Bought a lumpy black potion for 28 gold pieces
  5640 | D:8      | 5640 ||| BUYING scroll of identify (64 gold).
  5640 | D:8      | Bought a scroll of identify for 64 gold pieces
  5640 | D:8      | 5640 ||| BUYING scroll of teleportation (96 gold).
  5640 | D:8      | Bought a scroll of teleportation for 96 gold pieces
  5640 | D:8      | 5640 ||| BUYING scroll of teleportation (96 gold).
  5640 | D:8      | Bought a scroll of teleportation for 96 gold pieces
  5937 | D:8      | 5937 ||| INVOKING Heroism.
  6065 | D:8      | 6065 ||| UPGRADING to ring of protection from cold.
  6066 | D:8      | 6066 ||| READING 4 scrolls of identify.
  6066 | D:8      | 6066 ||| IDENTIFYING lumpy black potion
  6092 | D:9      | 6092 ||| INVOKING Heroism.
  6106 | D:9      | 6106 ||| STAIRDANCE
  6108 | D:9      | 6108 ||| STAIRDANCE
  6110 | D:8      | 6110 ||| DRINKING potion of curing.
  6110 | D:8      | 6110 ||| (to cure confusion)
  6214 | D:9      | Noticed Maurice
  6222 | D:9      | 6222 ||| INVOKING Heroism.
  6225 | D:9      | Reached skill level 12 in Ranged Weapons
  6231 | D:9      | Reached XP level 10. HP: 28/86 MP: 9/12
  6233 | D:9      | HP: 18/85 [yak (12)]
  6234 | D:9      | 6234 ||| DRINKING 2 potions of heal wounds.
  6236 | D:9      | HP: 5/83 [centaur (6)]
  6236 | D:9      | Slain by Maurice

Levels and vault maps discovered:
D:1:      doesnt_arrival_eight_statues, layout_rooms, supply_closet_lemuel
D:2:      layout_loops_ring, basic_altar
D:3:      layout_basic, lemuel_crystal_altar, minmay_circle_x
D:4:      layout_basic, nicolae_gozag_cash_rules_everything_around_me,
          corexii_leaking_fountain
D:5:      layout_gridville, serial_rivers, chequers_serial_rivers_micro_a,
          chequers_serial_rivers_marsh, chequers_serial_rivers_room_b,
          chequers_serial_rivers_micro_e, chequers_serial_rivers_micro_d,
          uniq_duvessa
D:6:      layout_basic, nicolae_overflow_hidden_temple,
          minmay_temple_entry_glass, minmay_joined_circles
D:7:      layout_loops_corners, mainiacjoe_overflow_alcove_3
D:8:      layout_gridville, serial_shops, shop, lemuel_flamethrower_2
D:9:      layout_long_grid, pdpol_wu_jian_five_deadly_venoms, uniq_joseph,
          uniq_amaemon, uniq_maurice

Skill      XL: |  1  2  3  4  5  6  7  8  9 |
---------------+----------------------------+-----
Ranged Weapons | 3 4 5 6 8 10 12 | 12.1
Fighting       | 2 3 4 6 7 |  7.4
Armour         | 1 2 4 |  4.3
Invocations    | 1 3 4 |  4.1
Dodging        | 3 5 |  5.0
Spellcasting   | |  1.0
Hexes          | |  2.0

Action                     |  1- 3 |  4- 6 |  7- 9 | 10-12 || total
---------------------------+-------+-------+-------+-------++-------
   Fire: Sling             |   114 |   102 |       |       ||   216
         Orcbow            |       |       |   415 |     1 ||   416
 Invoke: Heroism           |       |     3 |    16 |       ||    19
    Use: Scroll            |     7 |     6 |     8 |       ||    21
         Potion            |     2 |       |     2 |     1 ||     5
 Armour: Robe              |     7 |       |       |       ||     7
         Leather armour    |     1 |     3 |    88 |     9 ||   101
         Ring mail         |       |    41 |    19 |       ||    60
  Dodge: Dodged            |    50 |    65 |   207 |    22 ||   344

Table legend:
 A = Non-vault XP
 B = Vault XP
 C = Vault XP percentage of total XP
 D = Non-vault monster count
 E = Vault monster count
 F = Vault count percentage of total count
                 A         B        C        D         E       F
            +---------+---------+-------+---------+---------+-------
      Total |    4750 |     886 |  15.7 |     145 |      17 |  10.5
            +---------+---------+-------+---------+---------+-------
        D:1 |      49 |       0 |   0.0 |      26 |       0 |   0.0
        D:2 |      19 |       0 |   0.0 |      10 |       0 |   0.0
        D:3 |      67 |      21 |  23.9 |      18 |       6 |  25.0
        D:4 |     140 |       0 |   0.0 |       9 |       0 |   0.0
        D:5 |     814 |     205 |  20.1 |      16 |       2 |  11.1
        D:6 |     733 |     660 |  47.4 |      17 |       9 |  34.6
        D:7 |     856 |       0 |   0.0 |      24 |       0 |   0.0
        D:8 |    1249 |       0 |   0.0 |      15 |       0 |   0.0
        D:9 |     823 |       0 |   0.0 |      10 |       0 |   0.0
            +---------+---------+-------+---------+---------+-------
